 Dungeon Crawl Stone Soup version 0.22.0-27-ga576289601 (webtiles) character file.

31133 Elric the Fighter (level 13, -1/106 HPs)
             Began as a Demonspawn Fighter on Aug 22, 2018.
             Was a Priest of Ru.
             Slain by a yak (5 damage)
             ... summoned by a boggart
             ... on level 6 of the Lair of Beasts.
             The game lasted 00:25:23 (17465 turns).

Elric the Fighter (Demonspawn Fighter)             Turns: 17465, Time: 00:25:24

Health: -1/106     AC: 24    Str: 21    XL:     13   Next: 24%
Magic:  13/13      EV:  2    Int: 13    God:    Ru [***...]
Gold:   783        SH:  0    Dex: 14    Spells: 12/12 levels left

rFire    + . .     SeeInvis .   E - +8 spear "Coef" {flame, rN+ Int+4}
rCold    + . .     Gourm    .   c - +1 shield
rNeg     + + +     Faith    .   f - +1 plate armour
rPois    ∞         Spirit   .   D - +0 helmet
rElec    .         Reflect  .   y - scarf {rC+ rF+}
rCorr    .         Harm     .   B - +0 pair of gloves
MR       .....                  (boots unavailable)
Stlth    ..........             h - amulet of magic regeneration
HPRegen  0.27/turn              w - ring of poison resistance
MPRegen  0.38/turn              L - ring of positive energy

@: petrified
A: hooves 3, iridescent scales 3, powered by pain 1, rot immunity, hated by all,
no air magic, no hexes magic, no summoning magic, missing an eye
a: Draw Out Power, Renounce Religion


You were on level 6 of the Lair of Beasts.
You worshipped Ru.
Ru was most pleased with you.
You were hungry.

You visited 3 branches of the dungeon, and saw 17 of its levels.

You collected 783 gold pieces.

Inventory:

Hand Weapons
 m - the +0 whip "Quttop" {freeze, rF+ rC+ Dex+4}
   (You found it on level 7 of the Dungeon)

   It has been specially enchanted to freeze those struck by it, causing extra
   injury to most foes and up to half again as much damage against particularly
   susceptible opponents.
   It can also slow down cold-blooded creatures.
   It affects your dexterity (+4).
   It protects you from fire.
   It protects you from cold.
 E - the +8 spear "Coef" (weapon) {flame, rN+ Int+4}
   (You found it on level 5 of the Dungeon)

   It has been specially enchanted to burn those struck by it, causing extra
   injury to most foes and up to half again as much damage against particularly
   susceptible opponents.
   It affects your intelligence (+4).
   It protects you from negative energy.
 G - the +1 broad axe "Hellblazer" {distort, Int+2}
   (You found it on level 7 of the Dungeon)

   It warps and distorts space around it.
   Unwielding it can cause banishment or high damage.
   It affects your intelligence (+2).
Armour
 b - a +0 scale mail
 c - a +1 shield (worn)
 f - a +1 plate armour (worn)
 s - a +2 cloak of invisibility
 y - a scarf of resistance (worn)
 B - a +0 pair of gloves (worn)
 D - a +0 helmet (worn)
Jewellery
 h - an amulet of magic regeneration (around neck)
 w - a ring of poison resistance (left hand)
 L - a ring of positive energy (right hand)
 R - an uncursed amulet of regeneration {unknown}
 S - an uncursed amulet of the gourmand {unknown}
 T - an uncursed ring of ice
Wands
 p - a wand of random effects (33)
 x - a wand of digging (33)
 J - a wand of acid (8)
 K - a wand of iceblast (9)
 M - a wand of polymorph (36)
 P - a wand of flame (27)
Scrolls
 e - 4 scrolls of immolation
 g - 12 scrolls of identify
 i - 5 scrolls of random uselessness
 j - 3 scrolls of fear
 l - 3 scrolls of teleportation
 q - 2 scrolls of magic mapping
 t - a scroll of blinking
 A - 3 scrolls of amnesia
 H - 2 scrolls of enchant armour
 N - 4 scrolls of remove curse
 U - 2 scrolls of brand weapon {unknown}
Potions
 a - a potion of flight {unknown}
 d - a potion of might
 k - 3 potions of lignification
 n - 8 potions of curing
 r - 2 potions of resistance
 u - 3 potions of brilliance
 v - 3 potions of heal wounds
 z - a potion of agility {unknown}
 C - a potion of magic {unknown}
 F - a potion of haste
 I - a potion of ambrosia
 O - a potion of berserk rage {unknown}
Comestibles
 o - 25 rations


   Skills:
 + Level 11.2 Fighting
 + Level 10.2 Axes
 + Level 10.4 Armour
 + Level 6.6 Dodging
 + Level 10.4 Shields


You had 12 spell levels left.
You didn't know any spells.
Your spell library contained the following spells:

 Spells                   Type           Power        Failure   Level  Hunger
 Bolt of Magma            Conj/Fire/Erth #.........   100%        5    ######.
 Iskenderun's Battlesphe  Conj/Chrm      #.......     100%        5    ######.
 Venom Bolt               Conj/Pois      #.........   100%        5    ######.
 Iron Shot                Conj/Erth      #.........   100%        6    #######
 Orb of Destruction       Conj           #.........   100%        7    #######
 Corona                   Hex            Unusable     N/A         1    N/A
 Ensorcelled Hibernation  Hex/Ice        Unusable     N/A         2    N/A
 Confuse                  Hex            Unusable     N/A         3    N/A
 Dazzling Spray           Conj/Hex       Unusable     N/A         3    N/A
 Tukima's Dance           Hex            Unusable     N/A         3    N/A
 Spellforged Servitor     Conj/Summ      Unusable     N/A         7    N/A

Dungeon Overview and Level Annotations

Branches:
Dungeon (10/15)            Temple (1/1) D:4            Lair (6/6) D:10
 Shoals (0/4) Lair:4        Snake (0/4) Lair:3        Slime (0/5) Lair:5
    Orc: D:9-12

Altars:
Ashenzari
Dithmenos
Fedhas
Hepliaklqana
Nemelex Xobeh
Okawaru
Ru
Sif Muna
Trog
Uskayaw
Vehumet
Wu Jian
Yredelemnul
Jiyva

Annotations:
D:3 3 runed doors, Kniotic's ghost, amateur DsMo; SaintSock's ghost, amateur DrCj; gitgud's ghost, amateur MiBe; tidbits's ghost, amateur GnTm
Lair:6 exclusion: oklob plant


Innate Abilities, Weirdness & Mutations

You have hooves in place of feet.
You are completely covered in iridescent scales. (AC +6)
You sometimes gain a little power by taking damage.
You are immune to rotting.
You are hated by all.
You cannot study or cast Air magic.
You cannot study or cast Hexes magic.
You cannot study or cast Summoning magic.
You are missing an eye, making it more difficult to aim.


Message History

The five-headed hydra bites you but does no damage.
The five-headed hydra bites you.
* * * LOW HITPOINT WARNING * * *
The five-headed hydra bites you but does no damage.
The five-headed hydra bites you!
* * * LOW HITPOINT WARNING * * *
The five-headed hydra bites you!
* * * LOW HITPOINT WARNING * * *
The boggart gestures wildly while chanting.
The boggart blinks!
The yak gores you.
* * * LOW HITPOINT WARNING * * *
The yak gores you but does no damage. x2
The five-headed hydra bites you but does no damage.
The five-headed hydra bites you!
* * * LOW HITPOINT WARNING * * *
The five-headed hydra bites you.
* * * LOW HITPOINT WARNING * * *
The five-headed hydra bites you but does no damage. x2
The yak gores you!
You die... ..
Y.
F♣ ♣♣{ ♣ht

♣l♣ ♣♣D♣ ♣♣.
♣Y@♣ ♣.♣♣
♣YY♣♣♣♣♣..♣
♣Y♣♣♣.....♣♣
♣..♣♣......♣
♣♣.♣♣♣..♣..♣♣
♣.......♣..♣♣
♣.......♣?..♣
♣.....♣♣♣♣..♣
♣....♣♣ ♣♣)♣♣


You could see a five-headed hydra, 4 yaks, a spiny frog, a basilisk, a
crocodile, a wolf and a dream sheep.

Vanquished Creatures
  Fannar (Lair:1)
  An elephant (Lair:5)
  A merfolk siren (Lair:4)
  5 black mambas
  13 spiny frogs
  A gargoyle (D:8)
  A torpor snail (Lair:6)
  4 rime drakes
  2 komodo dragons
  3 hornets (Lair:6)
  3 polar bears
  11 blink frogs
  6 hippogriffs
  5 dream sheep (Lair:5)
  Sigmund (D:7)
  3 wyverns
  8 spriggans (Lair:6)
  18 yaks
  3 hungry ghosts
  4 porcupines
  12 water moccasins
  2 orc warriors (D:9)
  3 black bears
  4 ice beasts
  A phantom (D:6)
  A necrophage (D:6)
  5 ogres
  2 sky beasts
  2 boggarts (Lair:6)
  18 wolves
  2 centaurs
  7 crocodiles
  3 big kobolds
  18 bullfrogs
  A gnoll sergeant (D:9)
  7 scorpions
  3 killer bees (D:9)
  6 wights
  5 howler monkeys
  An electric eel (Lair:6)
  3 crimson imps
  A bullfrog zombie (D:6)
  4 jellies
  2 centaur skeletons
  3 hounds
  A bullfrog skeleton (D:5)
  6 orc priests
  Crazy Yiuf (D:2)
  9 orc wizards
  An iguana (D:5)
  9 worker ants
  A killer bee zombie (D:6)
  13 gnolls
  A howler monkey zombie (D:10)
  14 adders
  2 shadow imps
  2 adder skeletons
  3 worms
  2 dart slugs
  9 leopard geckos
  46 orcs
  3 ball pythons (Lair:3)
  7 bats
  6 giant cockroaches
  12 goblins
  9 hobgoblins
  10 jackals
  3 quokkas
  6 frilled lizards
  23 kobolds
  6 rats
  A plant (D:10)
416 creatures vanquished.

Vanquished Creatures (others)
  3 hydras
  A spriggan (Lair:6)
  A manticore (D:9)
  A spiny frog (Lair:5)
  2 hornets (Lair:6)
  A hippogriff (Lair:4)
  A basilisk (Lair:1)
  A vampire mosquito (D:8)
  An ogre (D:6)
  A centaur (D:10)
  A scorpion (D:7)
  A quasit (D:8)
  A bullfrog skeleton (D:9)
  An orc (D:9)
  A fungus (Lair:4)
  A plant (Lair:5)
  2 withered plants (D:3)
21 creatures vanquished.

Grand Total: 437 creatures vanquished

Notes
Turn   | Place    | Note
-------+----------+-------------------------------------------
     0 | D:1      | Elric the Demonspawn Fighter began the quest for the Orb.
     0 | D:1      | Reached XP level 1. HP: 18/18 MP: 1/1
   580 | D:1      | Gained mutation: You are immune to rotting. [demonic ancestry]
   580 | D:1      | Reached XP level 2. HP: 24/24 MP: 2/2
  1364 | D:2      | Gained mutation: You have large cloven feet. [demonic ancestry]
  1364 | D:2      | Reached XP level 3. HP: 11/29 MP: 3/3
  1998 | D:2      | Found a sparkling altar of Nemelex Xobeh.
  2168 | D:2      | Found a runed door.
  2201 | D:2      | Gained mutation: You sometimes gain a little power by taking damage. [demonic ancestry]
  2201 | D:2      | Reached XP level 4. HP: 31/35 MP: 4/4
  2699 | D:2      | Noticed Crazy Yiuf
  2704 | D:2      | Killed Crazy Yiuf
  2736 | D:3      | Found a runed gate.
  2736 | D:3      | Found a runed gate.
  2736 | D:3      | Found a runed gate.
  2736 | D:3      | Noticed Kniotic's ghost (amateur DsMo)
  2736 | D:3      | Noticed SaintSock's ghost (amateur DrCj)
  2796 | D:3      | Noticed gitgud's ghost (amateur MiBe)
  2796 | D:3      | Noticed tidbits's ghost (amateur GnTm)
  2927 | D:3      | Reached XP level 5. HP: 39/42 MP: 5/5
  3097 | D:3      | Reached skill level 4 in Fighting
  3255 | D:3      | Found an ornate altar of the Wu Jian Council.
  3522 | D:4      | Found a staircase to the Ecumenical Temple.
  3538 | Temple   | Entered the Ecumenical Temple
  3545 | Temple   | Became a worshipper of Ru the Awakened
  3566 | D:4      | Noticed an ogre
  3574 | D:4      | Killed an ogre
  3574 | D:4      | Gained mutation: You have hoof-like feet. [demonic ancestry]
  3574 | D:4      | Reached XP level 6. HP: 21/49 MP: 6/6
  4211 | D:4      | Reached XP level 7. HP: 26/55 MP: 7/7
  4606 | D:5      | Entered Level 5 of the Dungeon
  4626 | D:5      | Reached skill level 5 in Fighting
  5147 | D:5      | Reached skill level 5 in Shields
  5175 | D:5      | Gained mutation: You cannot study or cast Air magic. [Ru sacrifice]
  5175 | D:5      | Gained mutation: You cannot study or cast Hexes magic. [Ru sacrifice]
  5175 | D:5      | Gained mutation: You cannot study or cast Summoning magic. [Ru sacrifice]
  5175 | D:5      | Reached * piety under Ru
  5239 | D:5      | Got a translucent spear
  5240 | D:5      | Identified the +8 spear "Coef" {flame, rN+ Int+4} (You found it on level 5 of the Dungeon)
  5279 | D:5      | Reached skill level 5 in Armour
  5279 | D:5      | Gained mutation: You are partially covered in iridescent scales. (AC +2) [demonic ancestry]
  5279 | D:5      | Reached XP level 8. HP: 47/63 MP: 8/8
  6108 | D:6      | Reached skill level 6 in Fighting
  6108 | D:6      | Reached skill level 5 in Axes
  6570 | D:6      | Gained mutation: You are mostly covered in iridescent scales. (AC +4) [demonic ancestry]
  6570 | D:6      | Reached XP level 9. HP: 71/71 MP: 9/9
  7039 | D:7      | Got a bone whip
  7040 | D:7      | Identified the +0 whip "Quttop" {freeze, rF+ rC+ Dex+4} (You found it on level 7 of the Dungeon)
  7190 | D:7      | Reached skill level 7 in Fighting
  7381 | D:7      | Noticed Sigmund
  7402 | D:7      | Killed Sigmund
  7404 | D:7      | Gained mutation: You are hated by all. [Ru sacrifice]
  7404 | D:7      | Reached ** piety under Ru
  7465 | D:7      | Got a slimy broad axe
  7466 | D:7      | Identified the cursed +1 broad axe "Hellblazer" {distort, Int+2} (You found it on level 7 of the Dungeon)
  7970 | D:8      | Gained mutation: You have hooves in place of feet. [demonic ancestry]
  7970 | D:8      | Reached XP level 10. HP: 80/80 MP: 10/10
  8145 | D:8      | Noticed a gargoyle
  8151 | D:8      | Killed a gargoyle
  8151 | D:8      | Reached skill level 8 in Fighting
  8553 | D:9      | Noticed a manticore
  8555 | D:9      | Banished a manticore
  9508 | D:10     | Entered Level 10 of the Dungeon
  9526 | D:10     | Found a staircase to the Lair.
 10028 | D:10     | Reached skill level 1 in Dodging
 10057 | D:10     | Reached skill level 9 in Fighting
 10116 | D:10     | Reached XP level 11. HP: 82/89 MP: 11/11
 10127 | D:10     | Gained mutation: You are missing an eye, making it more difficult to aim. [Ru sacrifice]
 10127 | D:10     | Reached *** piety under Ru
 10416 | Lair:1   | Entered Level 1 of the Lair of Beasts
 11320 | Lair:1   | Noticed Fannar
 11354 | Lair:1   | Killed Fannar
 12180 | Lair:2   | Noticed a six-headed hydra
 12188 | Lair:2   | Killed a six-headed hydra
 12535 | Lair:2   | Reached skill level 10 in Fighting
 13346 | Lair:3   | Gained mutation: You are completely covered in iridescent scales. (AC +6) [demonic ancestry]
 13346 | Lair:3   | Reached XP level 12. HP: 76/97 MP: 12/12
 13707 | Lair:3   | Found a staircase to the Snake Pit.
 14726 | Lair:4   | Noticed an eight-headed hydra
 14729 | Lair:4   | Reached skill level 5 in Dodging
 14731 | Lair:4   | Killed an eight-headed hydra
 15036 | Lair:4   | Found a staircase to the Shoals.
 15448 | Lair:5   | Noticed a six-headed hydra
 15456 | Lair:5   | Killed a six-headed hydra
 15733 | Lair:5   | Reached skill level 10 in Shields
 15950 | Lair:5   | Reached skill level 10 in Armour
 16295 | Lair:5   | Reached skill level 11 in Fighting
 16436 | Lair:5   | Found a staircase to the Slime Pits.
 16437 | Lair:5   | Found a viscous altar of Jiyva.
 16541 | Lair:5   | Reached skill level 10 in Axes
 16740 | Lair:6   | Entered Level 6 of the Lair of Beasts
 16760 | Lair:6   | Reached XP level 13. HP: 89/106 MP: 13/13
 17465 | Lair:6   | HP: 4/106 [five-headed hydra[a boggart] (2)]
 17465 | Lair:6   | Slain by a yak

Skill      XL: |  1  2  3  4  5  6  7  8  9 10 11 12 |
---------------+-------------------------------------+-----
Axes           | 2 3 4 5 6 8 9 10 | 10.2
Armour         | 3 4 5 6 7 8 9 10 | 10.4
Shields        | 3 4 5 6 7 8 9 10 | 10.4
Fighting       | 4 5 6 7 9 10 11 | 11.2
Dodging        | 1 4 6 |  6.6

Action                   |  1- 3 |  4- 6 |  7- 9 | 10-12 | 13-15 || total
-------------------------+-------+-------+-------+-------+-------++-------
Melee: War axe           |   139 |   184 |    56 |       |       ||   379
       Kick              |    17 |    49 |    34 |   270 |    68 ||   438
       Spear             |       |       |   217 |   742 |   236 ||  1195
       Broad axe         |       |       |    51 |   169 |       ||   220
       Whip              |       |       |    21 |       |       ||    21
Invok: Sacrifice Arcana  |       |       |     1 |       |       ||     1
       Sacrifice Love    |       |       |     1 |       |       ||     1
       Draw Out Power    |       |       |       |     1 |       ||     1
       Sacrifice an Eye  |       |       |       |     1 |       ||     1
       Reject Sacrifices |       |       |       |     1 |       ||     1
  Use: Scroll            |       |       |    21 |     3 |       ||    24
       Potion            |       |       |       |     3 |       ||     3
 Stab: Distracted        |       |       |       |     2 |       ||     2
       Invisible         |       |       |       |     1 |       ||     1
  Eat: Ration            |     1 |       |       |     4 |       ||     5
       Chunk             |       |     7 |    13 |    19 |     3 ||    42
Armor: Scale mail        |    58 |       |       |       |       ||    58
       Plate armour      |     6 |   129 |   230 |   423 |   117 ||   905
Dodge: Dodged            |    43 |    21 |    47 |   162 |    89 ||   362
Block: Shield            |    80 |   106 |   194 |   500 |   152 ||  1032
